 Dungeon Crawl Stone Soup version 0.30.0-29-ga12c61a403 (webtiles) character file.

Game seed: 3047232653088237517

249 cdecastro the Changer (level 6, 0/43 HPs)
             Began as a Merfolk Transmuter on June 3, 2023.
             Was an Initiate of Wu Jian.
             Slain by a goblin
             ... wielding a +0 club
             ... led by Robin
              (5 damage)
             ... on level 4 of the Dungeon.
             The game lasted 00:09:09 (3082 turns).

cdecastro the Changer (Merfolk Transmuter)          Turns: 3082, Time: 00:09:10

Health: 0/43       AC:  2    Str: 10    XL:     6   Next: 12%
Magic:  9/9        EV: 12    Int: 14    God:    Wu Jian [......]
Gold:   213        SH:  0    Dex: 15    Spells: 3/9 levels left

rFire   . .          .
                       - Unarmed
rCold   . . .        (no shield)
rNeg    . . .        a - +0 robe
rPois   .            m - melded +2 helmet
rElec   .            (no cloak)
rCorr   .            (no gloves)
SInv    .            o - melded +0 pair of boots
Will    .....        k - amulet of magic regeneration
Stlth   +            (no ring)
HPRegen 0.27/turn    (no ring)
MPRegen 0.51/turn

%: no passive effects
@: appendages
A: horns 2, (nimble swimmer 2), mertail
a: End Transformation, Renounce Religion


You were on level 4 of the Dungeon.
You worshipped Wu Jian.
Wu Jian was noncommittal.
You had temporarily grown beastly horns.
You visited 2 branches of the dungeon, and saw 5 of its levels.

You collected 213 gold pieces.

Inventory:

Missiles
 i - 3 atropa-tipped darts
 q - 8 poisoned darts
Armour
 a - a +0 robe (worn)
 m - a +2 helmet (melded)
 o - a +0 pair of boots (melded)
Jewellery
 k - an amulet of magic regeneration (around neck)
 p - a ring of ice
Scrolls
 c - a scroll of blinking {unknown}
 e - a scroll of teleportation {unknown}
 f - 6 scrolls of identify {unknown}
 j - a scroll of brand weapon {unknown}
 l - a scroll of poison {unknown}
Potions
 b - 2 potions of lignification
 d - a potion of curing
 g - a potion of magic {unknown}
 h - a potion of haste {unknown}
 n - a potion of berserk rage {unknown}
 r - a potion of heal wounds {unknown}


   Skills:
 - Level 1.1 Fighting
 - Level 2.6 Dodging
 + Level 4.9 Unarmed Combat
 - Level 2.0 Spellcasting
 * Level 6.9 Transmutations


You had 3 spell levels left.
You knew the following spells:

 Your Spells              Type           Power      Damage    Failure   Level
a - Beastly Appendage     Tmut           40%        N/A       1%          1
b - Wereblood             Tmut           20%        N/A       1%          2
c - Spider Form           Tmut/Pois      11%        N/A       17%         3

Your spell library contained the following spells:

 Spells                   Type           Power      Damage    Failure   Level
 Ignite Poison            Fire/Tmut/Pois 7%         N/A       28%         3
 Cigotuvi's Dreadful Rot  Necr/Pois/Air  2%         N/A       34%         2
 Ice Form                 Ice/Tmut       11%        N/A       50%         4
 Freezing Cloud           Conj/Ice/Air   0%         6-21      100%        5


Dungeon Overview and Level Annotations

Branches:
Dungeon (4/15)             Temple (1/1) D:4

Altars:
Dithmenos
Hepliaklqana
Vehumet
Wu Jian
Yredelemnul
Zin

Shops:
D:1 !?

Annotations:
D:3 Jessica, Terence
D:4 Robin


Innate Abilities, Weirdness & Mutations

You have temporarily grown beastly horns.
((You are very nimble when in or above water. (Stealth+, EV+, Speed+++)))
Your lower body shifts to a powerful aquatic tail in water.


Message History

Unknown command.
You hear some strange, mumbled words.
Something tries to affect you, but you resist.
The goblin hits you with a +0 club.
Robin roars a battlecry!
You hear a shout!
Robin throws the goblin at you!
You punch the goblin!
You kill the goblin!
The Council accepts your kill. The goblin hits you with a +0 club.
Robin throws the goblin at you!
You closely miss the goblin. The goblin hits you with a +0 club.
* * * LOW HITPOINT WARNING * * *
The goblin closely misses you.
Unknown command.
Casting: Beastly Appendage (safe; 1% risk of failure)
Press: ? - help, Q - select action, (/) - cycle Dir - look around, f - activate You grow a pair of large bovine horns.
Your +2 helmet melds into your body.
Your +0 pair of boots melds into your body.
The goblin misses you. The goblin closely misses you. The hobgoblin hits you.
* * * LOW HITPOINT WARNING * * *
You hear some strange, mumbled words.
A magic dart appears from out of thin air!
The magic dart hits you.
* * * LOW HITPOINT WARNING * * *
You barely miss the goblin. Your headbutt misses the goblin.
The goblin hits you with a +0 club.
* * * LOW HITPOINT WARNING * * *
Something hits you.
* * * LOW HITPOINT WARNING * * *
The goblin hits you with a +0 club.
* * * LOW HITPOINT WARNING * * *
The hobgoblin completely misses you.
You hit the goblin.
You kill the goblin!
The Council accepts your kill.
A hobgoblin comes into view.
A goblin comes into view.
It is wielding a +2 dagger of distortion.
The goblin hits you with a +0 club.
You die...

###................
#......^.g.......
#.......g......#
####.............##
##....###....######
#...##...##......#
#..#..###.g#)....#
#..#..g#g.#....#
#.#.###@#.#.#### #
#.#..)#{#)#. ..
#.#.#.>.#.#)#..
...#.#.#...#.#.#...
....#.#.###.#.#....#
....#..#...#[.#....#
.....#..###..#.....#
###...##...##......#
........###......###


You could see Robin, 2 hobgoblins and 2 goblins.

Vanquished Creatures
  An orc priest (D:4)
  Natasha (thrice) (D:2)
  5 adders
  3 worms
  2 dart slugs
  10 orcs
  6 ball pythons
  6 endoplasms
  6 giant cockroaches
  8 goblins
  6 hobgoblins
  5 kobolds
  2 quokkas
  4 bats
  4 frilled lizards
  9 rats
80 creatures vanquished.

Notes
Turn   | Place    | Note
-------+----------+-------------------------------------------
     0 | D:1      | cdecastro the Merfolk Transmuter began the quest for the
                  | Orb.
     0 | D:1      | Reached XP level 1. HP: 15/15 MP: 3/3
   167 | D:1      | Reached skill level 3 in Transmutations
   259 | D:1      | Reached XP level 2. HP: 20/21 MP: 3/5
   290 | D:1      | Found Putoqosm's Distillery.
   413 | D:1      | Found The Oracle's Delphic Readings.
   868 | D:2      | Reached skill level 4 in Transmutations
   887 | D:2      | Reached XP level 3. HP: 25/26 MP: 6/6
  1141 | D:2      | Noticed Natasha
  1149 | D:2      | Killed Natasha
  1150 | D:2      | Reached skill level 5 in Transmutations
  1150 | D:2      | Reached XP level 4. HP: 30/32 MP: 7/7
  1260 | D:2      | Learned a level 2 spell: Wereblood
  1264 | D:2      | Learned a level 3 spell: Spider Form
  1422 | D:2      | Noticed Natasha
  1430 | D:2      | Killed Natasha
  1679 | D:2      | You fall into a shaft and drop 1 floor!
  1711 | D:3      | Reached XP level 5. HP: 37/37 MP: 8/8
  1827 | D:3      | Noticed Jessica
  2023 | D:2      | Noticed Natasha
  2034 | D:2      | Killed Natasha
  2035 | D:2      | Reached skill level 6 in Transmutations
  2271 | D:3      | Noticed Terence
  2939 | D:4      | Found a staircase to the Ecumenical Temple.
  2948 | Temple   | Entered the Ecumenical Temple
  3008 | Temple   | Became a worshipper of the Wu Jian Council
  3034 | D:4      | Noticed Robin
  3073 | D:4      | Reached XP level 6. HP: 27/43 MP: 9/9
  3082 | D:4      | Slain by a goblin

Illustrated notes

Levels and vault maps discovered:
D:1:      nicolae_arrival_somewhat_less_tricky_arrival, layout_basic,
          serial_shops, shop, nicolae_nh_oracle_at_delphi
D:2:      layout_loops_ring, minmay_rat_gold_closets, uniq_natasha
D:3:      layout_rooms, uniq_terence, uniq_jessica
D:4:      kennysheep_six_static_rooms, layout_gridville,
          lemuel_zombie_altar_kikubaaqudgha, minmay_temple_entry_steel_oval,
          minivault_27, uniq_robin
Temple:   nicolae_temple_ecumenical_triangle

Skill      XL: |  1  2  3  4  5 |
---------------+----------------+-----
Transmutations | 3 4 5 6 |  6.9
Unarmed Combat | 4 |  4.9
Fighting       | |  1.1
Dodging        | |  2.6
Spellcasting   | |  2.0

Action                     |  1- 3 |  4- 6 || total
---------------------------+-------+-------++-------
  Melee: Unarmed           |    85 |   175 ||   260
         Headbutt          |    13 |    22 ||    35
         Punch             |     2 |     3 ||     5
   Cast: Beastly Appendage |    22 |    26 ||    48
         Wereblood         |       |     1 ||     1
Ability: Lunge             |       |     2 ||     2
   Stab: Sleeping          |     2 |     3 ||     5
 Armour: Robe              |    17 |    20 ||    37
  Dodge: Dodged            |    52 |    80 ||   132
